Description

v skytoss

Replay - 2000 Atmosphären LE (198)

Build Order

Get SALT Encoding   

  12  0:01  SCV  
  13  0:13  SCV  
  14  0:17  Supply Depot  
  14  0:25  SCV  
  15  0:30  Refinery  
  15  0:38  SCV  
  16  0:45  Barracks  
  16  0:50  SCV  
  17  1:02  SCV  
  18  1:15  SCV  
  19  1:31  Orbital Command  
  19  1:32  Reaper  
  20  1:45  Command Center  
  20  1:56  Supply Depot  
  20  1:57  SCV  
  21  2:04  Marine  
  22  2:09  SCV  
  22  2:12  Factory  
  23  2:21  SCV  
  24  2:26  Bunker, Barracks Reactor  
  25  2:37  Barracks  
  25  2:47  Refinery  
  26  2:55  Factory Tech Lab  
  26  2:57  Orbital Command  
  27  3:03  Marine x2  
  30  3:14  Cyclone  
  33  3:21  Marine x2  
  33  3:26  Barracks Tech Lab  
  38  3:39  Marine x2  
  38  3:41  Supply Depot  
  41  3:46  Marine  
  41  3:47  Stimpack  
  44  3:58  Marine x2  
  44  4:02  Siege Tank  
  51  4:05  Supply Depot  
  54  4:24  Command Center  
  54  4:28  Supply Depot  
  59  4:34  Siege Tank  
  62  4:45  Engineering Bay  
  67  5:02  Starport  
  69  5:13  Siege Tank  
  74  5:15  Terran Infantry Weapons Level 1  
  74  5:21  Refinery x2  
  80  5:34  Combat Shield  
  81  5:37  Barracks  
  81  5:41  Orbital Command  
  86  5:52  Starport Reactor  
  86  5:54  Siege Tank  
  90  6:02  Barracks  
  91  6:04  Orbital Command  
  93  6:12  Barracks  
  96  6:25  Refinery  
  98  6:26  Siege Tank  
  98  6:32  Barracks Reactor  
  103  6:36  Medivac x2  
  112  6:50  Barracks Reactor  
  114  7:00  Barracks Tech Lab  
  117  7:02  Concussive Shells  
  121  7:09  Terran Infantry Armor Level 1  
  121  7:13  Engineering Bay, Armory  
  125  7:20  Refinery  
  127  7:23  Siege Tank  
  127  7:27  Medivac x2  
  150  7:57  Command Center, Medivac x2  
  154  8:02  Missile Turret x2  
  156  8:07  Missile Turret  
  156  8:11  Terran Infantry Weapons Level 2  
  160  8:16  Siege Tank  
  171  8:31  Terran Vehicle Weapons Level 1  
  173  8:47  Medivac x2  
  181  8:50  Siege Tank  
  188  9:05  Starport  
  188  9:09  Factory  
  196  9:17  Medivac x2  
  196  9:23  Barracks x3  
  193  9:33  Siege Tank  
  193  9:36  Fusion Core  
  193  9:37  Terran Infantry Armor Level 2  
  195  9:39  Ghost Academy  
  195  9:45  Planetary Fortress  
  190  9:47  Starport Reactor  
  196  9:54  Factory Tech Lab  
  196  10:04  Missile Turret  
  196  10:05  Liberator x2, Refinery x2  
  197  10:10  Enhanced Shockwaves  
  197  10:13  Barracks Tech Lab x3  
  187  10:28  Liberator x2  
  187  10:35  Advanced Ballistics  
  194  10:43  Command Center  
  194  10:49  Siege Tank  
  188  11:00  Liberator x2  
  200  11:20  Missile Turret x2  
  200  11:25  Ghost x2  
  196  11:29  Marauder x3  
  189  11:41  Liberator  
  190  11:49  Command Center  
  190  11:50  Ghost  
  190  11:52  Viking x2  
  192  12:01  Ghost x2  
  192  12:07  Marauder  
  187  12:21  Command Center  
  192  12:47  Missile Turret  
  192  12:48  Refinery x2  
Spawning Tool Build Advisor. Get it on Overwolf

Go to:

Details

  • Created by: lucahecker
  • Published on: Apr 03, 2022
  • Modified on: Apr 03, 2022
  • Patch: 4.11.0
  • Difficulty: Hard
Show
View Real Time Build Order
Export as new Build Order

Comments (0)

There are no comments. Be the first!

Create an account to comment!